 Dungeon Crawl Stone Soup version 0.21.0-24-g2553a33 (webtiles) character file.

210 aspa the Magician (level 5, -1/31 HPs)
             Began as an Octopode Wizard on Jan 21, 2018.
             Was an Initiate of Vehumet.
             Slain by a sky beast (3 damage)
             ... on level 4 of the Dungeon.
             The game lasted 00:11:28 (4437 turns).

aspa the Magician (Octopode Wizard)                 Turns: 4437, Time: 00:11:28

Health: -1/31      AC:  1    Str:  6    XL:     5   Next: 87%
Magic:  0/12       EV: 13    Int: 21    God:    Vehumet [......]
Gold:   169        SH:  0    Dex: 11    Spells: 1/14 levels left

rFire    . . .     SeeInvis .   h - -2 short sword (curse)
rCold    . . .     Gourm    .   (no shield)
rNeg     . . .     Faith    .   a - +0 hat
rPois    .         Spirit   .   (no amulet)
rElec    .         Reflect  .   v - ring of resist corrosion
rCorr    +         Harm     .   (no ring)
MR       .....                  (no ring)
Stlth    +++.......             (no ring)
HPRegen  0.10/turn              (no ring)
MPRegen  0.13/turn              (no ring)
                                (no ring)
                                (no ring)

@: very slightly contaminated
A: almost no armour, stealthy swim, amphibious, 8 rings, constrict 8, camouflage
1, gelatinous body 1
a: Renounce Religion


You were on level 4 of the Dungeon.
You worshipped Vehumet.
Vehumet was noncommittal.
You were near starving.

You visited 1 branch of the dungeon, and saw 4 of its levels.

You collected 169 gold pieces.

Inventory:

Hand Weapons
 h - a cursed -2 short sword (weapon)
 m - a +0 long sword
 s - a +0 spear
 t - a +2 dagger of venom
 w - a +0 trident
Armour
 a - a +0 hat (worn)
Jewellery
 v - a ring of resist corrosion (left tentacle)
Scrolls
 d - a scroll of blinking {unknown}
 e - 6 scrolls of identify {unknown}
 f - 6 scrolls of magic mapping {unknown}
 g - 4 scrolls of teleportation {unknown}
 i - a scroll of amnesia {unknown}
 j - 4 scrolls of remove curse {unknown}
 k - a scroll of immolation {unknown}
 l - a scroll of enchant armour {unknown}
 o - a scroll of fog {unknown}
 r - 2 scrolls of fear {unknown}
 x - a scroll of noise {unknown}
Potions
 n - a potion of invisibility {unknown}
 p - a potion of flight {unknown}
 q - a potion of agility {unknown}
 u - a potion of mutation {unknown}
 z - 2 potions of lignification {unknown}
 A - a potion of brilliance {unknown}
 B - a potion of magic {unknown}
Books
 b - a book of Minor Magic

   Spells                             Type                      Level
   a - Magic Dart                     Conjuration                  1
   b - Blink                          Translocation                2
   c - Call Imp                       Summoning                    2
   d - Slow                           Hexes                        2
   e - Conjure Flame                  Conjuration/Fire             3
   f - Mephitic Cloud                 Conjuration/Poison/Air       3
Comestibles
 c - 6 rations


   Skills:
 - Level 2.0 Dodging
 - Level 2.6 Stealth
 + Level 5.2 Spellcasting
 - Level 3.0 Conjurations
 - Level 1.0 Summonings
 - Level 1.0 Translocations


You had one spell level left.
You knew the following spells:

 Your Spells              Type           Power        Failure   Level  Hunger
a - Magic Dart            Conj           ###.         3%          1    None
b - Call Imp              Summ           #.......     11%         2    None
c - Mephitic Cloud        Conj/Pois/Air  #.......     22%         3    ##.....
d - Blink                 Tloc           N/A          11%         2    None
e - Slow                  Hex            #.......     16%         2    None
f - Conjure Flame         Conj/Fire      ##......     17%         3    ##.....


Dungeon Overview and Level Annotations

Branches:
Dungeon (4/15)
 Temple: D:4-7

Altars:
Cheibriados
Sif Muna
Vehumet


Innate Abilities, Weirdness & Mutations

You cannot wear most types of armour.
You are very stealthy in the water. (Stealth+)
You are amphibious.
You can wear up to eight rings at the same time.
You can use your tentacles to constrict eight enemies at once.
Your skin changes colour to match your surroundings (Stealth+).
Your rubbery body absorbs attacks. (AC +1, EV +1)


Message History

* * * LOW HITPOINT WARNING * * *
Casting: Blink
Confirm with . or Enter, or press ? or * to list all spells.
You blink.
The sky beast flickers out of sight!
Deactivating autopickup; reactivate with Ctrl-A.
Something hits you.
* * * LOW HITPOINT WARNING * * *
Something shocks you.
* * * LOW HITPOINT WARNING * * *
A sky beast appears from thin air!
Reactivating autopickup.
The sky beast flickers out of sight!
Deactivating autopickup; reactivate with Ctrl-A.
Casting: Blink
Confirm with . or Enter, or press ? or * to list all spells.
You miscast Blink.
You catch a glimpse of the back of your own head.
Something hits you.
You die...

###....[........#.#..#
#.#
...................#..#
#..
####.............###..#
###
#####...####.(###..# #
#..............# #
#...#####.####.#
#...#####.####.###
##.....##.#......#
##@##.##.#.##.#.#
#####.##.##.#.##.#.###
#...(.......#.##......
#.............####.###
#.#####...###.####.# #
###.##......# #......#
...........# #.######
##.#.##.##.### #.#
#..#....^..# #.#


There were no monsters in sight!

Vanquished Creatures
  2 hounds
  An orc wizard (D:3)
  2 adders
  An ooze (D:2)
  A leopard gecko (D:4)
  7 orcs
  A ball python (D:3)
  6 giant cockroaches
  7 goblins
  8 hobgoblins
  3 jackals (D:3)
  A quokka (D:3)
  5 bats
  3 frilled lizards
  6 kobolds
  9 rats
63 creatures vanquished.

Vanquished Creatures (collateral kills)
  A gnoll (D:1)
  3 adders (D:2)
  An orc (D:3)
5 creatures vanquished.

Vanquished Creatures (others)
  A bat (D:2)
  A rat (D:2)
2 creatures vanquished.

Grand Total: 70 creatures vanquished

Notes
Turn   | Place    | Note
-------+----------+-------------------------------------------
     0 | D:1      | aspa the Octopode Wizard began the quest for the Orb.
     0 | D:1      | Reached XP level 1. HP: 11/11 MP: 4/4
   148 | D:1      | Found a snail-covered altar of Cheibriados.
   418 | D:1      | Reached XP level 2. HP: 17/17 MP: 3/6
   450 | D:1      | Learned a level 2 spell: Call Imp
  1162 | D:2      | Reached XP level 3. HP: 18/21 MP: 1/8
  1349 | D:2      | Learned a level 3 spell: Mephitic Cloud
  1352 | D:2      | Learned a level 2 spell: Blink
  1577 | D:2      | Reached skill level 4 in Spellcasting
  1607 | D:2      | Learned a level 2 spell: Slow
  1875 | D:2      | Reached XP level 4. HP: 27/27 MP: 2/10
  2006 | D:2      | Found a radiant altar of Vehumet.
  2513 | D:2      | Became a worshipper of Vehumet
  3199 | D:3      | Reached XP level 5. HP: 29/31 MP: 7/11
  3487 | D:3      | Learned a level 3 spell: Conjure Flame
  4023 | D:4      | Reached skill level 5 in Spellcasting
  4286 | D:3      | Found a deep blue altar of Sif Muna.
  4367 | D:4      | Noticed a sky beast
  4427 | D:4      | HP: 1/31 [something (6)]
  4437 | D:4      | Slain by a sky beast

Skill      XL: |  1  2  3  4  5 |
---------------+----------------+-----
Spellcasting   | 4 5 |  5.2
Conjurations   | 2 3 |  3.0
Dodging        | |  2.0
Stealth        | |  2.6
Summonings     | |  1.0
Translocations | |  1.0

Action                   |  1- 3 |  4- 6 || total
-------------------------+-------+-------++-------
Melee: Short sword       |    14 |    32 ||    46
       Constrict         |     3 |    11 ||    14
       Tentacles         |     1 |     6 ||     7
 Cast: Magic Dart        |    68 |    94 ||   162
       Call Imp          |     6 |     2 ||     8
       Blink             |       |     2 ||     2
       Mephitic Cloud    |       |     3 ||     3
 Stab: Confused          |       |     1 ||     1
  Eat: Chunk             |     2 |     4 ||     6
       Ration            |       |     1 ||     1
Armor: Skin              |     5 |     3 ||     8
Dodge: Dodged            |    14 |    32 ||    46
